 Dungeon Crawl Stone Soup version 0.31-a0-986-g5e6e4ef867 (webtiles) character file.

Game seed: 4948413240856279440

279938 Twinkles the Conqueror (level 19, -7/153 (207) HPs)
             Began as a Minotaur Fighter on Sept 5, 2023.
             Was an Initiate of Gozag.
             Mangled by a flying skull (9 damage)
             ... in a wizard's laboratory on Nov 17, 2023.
             The game lasted 02:34:02 (53939 turns).

Twinkles the Conqueror (Minotaur Fighter)          Turns: 53939, Time: 02:34:02

HP:   -7/153 (207)  AC: 19    Str: 29    XL:     19   Next: 67%
MP:   18/18         EV: 18    Int:  5    God:    Gozag
Gold: 8798          SH:  0    Dex: 19    Spells: 18/18 levels left

rFire   + + .        Q - +6 executioner's axe (freeze)
rCold   + + .        (shield currently unavailable)
rNeg    . . .        s - +2 ring mail {Will+}
rPois   +            n - +2 hat {Will+}
rElec   +            f - scarf {rC+ rF+}
rCorr   +            c - +1 pair of gloves {Dex+3}
SInv    .            X - +2 pair of boots
Will    +++..        p - amulet of regeneration
Stlth   ++           g - +6 ring of dexterity
HPRegen 1.25/turn    x - ring of poison resistance
MPRegen 0.16/turn

%: no passive effects
@: mighty, brilliant, resistant, gold aura, studying Dodging, very heavily
drained
A: horns 2, retaliatory headbutt
}: 2/15 runes: decaying, gossamer
a: Renounce Religion, Potion Petition, Call Merchant, Bribe Branch


You were in a wizard's laboratory.
You worshipped Gozag.
Gozag was greatly pleased with you.
You visited 7 branches of the dungeon, and saw 34 of its levels.
You also visited: Ossuary, Ice Cave and Wizlab.

You collected 16293 gold pieces.
You spent 2470 gold pieces at shops.
You paid 5025 gold pieces to Gozag.

Inventory:

Hand Weapons
 a - a +5 war axe of flaming
 Q - a +6 executioner's axe of freezing (weapon)
Missiles
 o - 3 throwing nets
 u - 36 poisoned darts (quivered)
Armour
 c - a +1 pair of gloves of dexterity (worn)
 f - a scarf of resistance (worn)
 k - a +0 cloak
 n - a +2 hat of willpower (worn)
 r - a +1 kite shield of reflection
 s - a +2 ring mail of willpower (worn)
 W - a +1 plate armour of cold resistance
 X - a +2 pair of boots (worn)
Jewellery
 b - a ring of see invisible
 g - a +6 ring of dexterity (left hand)
 h - a +6 ring of dexterity
 p - an amulet of regeneration (around neck)
 x - a ring of poison resistance (right hand)
 C - a ring of flight
Wands
 d - a wand of digging (4)
 e - a wand of charming (32)
 i - a wand of roots (19)
 q - a wand of flame (37)
 t - a wand of quicksilver (17)
 y - a wand of mindburst (10)
Scrolls
 D - a scroll of blinking
 E - 6 scrolls of fear
 F - 3 scrolls of fog
 K - 8 scrolls of immolation
 L - a scroll of poison
 O - a scroll of silence
 V - 3 scrolls of vulnerability
 Y - 19 scrolls of teleportation
Potions
 A - 7 potions of attraction
 G - 9 potions of ambrosia
 H - 7 potions of haste
 I - 2 potions of invisibility
 J - 15 potions of curing
 M - a potion of might
 N - 4 potions of heal wounds
 P - 8 potions of lignification
 R - 2 potions of resistance
 S - 5 potions of enlightenment
 T - 3 potions of berserk rage
Miscellaneous
 m - a phantom mirror
 v - a lightning rod (4/4)
 z - a box of beasts


   Skills:
 O Level 27 Fighting
 + Level 23.3 Axes
 - Level 16.5 Armour
 - Level 10.0 Dodging
 - Level 5.0 Stealth
 - Level 8.0 Shields
 - Level 15.5 Evocations


You had 18 spell levels left.
You didn't know any spells.
Your spell library contained the following spells:

 Spells                   Type           Power      Damage    Failure   Level
 Foxfire                  Conj/Fire      0%         2x1d4     56%         1
 Freeze                   Ice            0%         1d3       56%         1
 Magic Dart               Conj           0%         1d3       56%         1
 Slow                     Hex            0%         N/A       56%         1
 Blink                    Tloc           0%         N/A       71%         2
 Call Imp                 Summ           0%         N/A       71%         2
 Ensorcelled Hibernation  Hex/Ice        0%         N/A       71%         2
 Passwall                 Tmut/Erth      0%         N/A       71%         2
 Scorch                   Fire           0%         2d5       71%         2
 Static Discharge         Conj/Air       0%         3-3/arc   71%         2
 Sublimation of Blood     Necr           0%         N/A       71%         2
 Wereblood                Tmut           0%         N/A       71%         2
 Confusing Touch          Hex            0%         N/A       90%         3
 Frozen Ramparts          Ice            0%         1d1       90%         3
 Hailstorm                Conj/Ice       0%         3d3       90%         3
 Mephitic Cloud           Conj/Pois/Air  0%         N/A       90%         3
 Ozocubu's Armour         Ice            0%         N/A       90%         3
 Sigil of Binding         Hex            0%         N/A       90%         3
 Summon Guardian Golem    Hex/Summ       0%         N/A       90%         3
 Swiftness                Air            0%         N/A       90%         3
 Tukima's Dance           Hex            0%         N/A       90%         3
 Vampiric Draining        Necr           0%         2d6       90%         3
 Airstrike                Air            0%         2d(0-16)  100%        4
 Dimensional Bullseye     Hex/Tloc       0%         N/A       100%        4
 Flame Wave               Conj/Fire      0%         2d4       100%        4
 Iskenderun's Mystic Bla  Conj/Tloc      0%         2d3       100%        4
 Manifold Assault         Tloc           0%         N/A       100%        4
 Passage of Golubria      Tloc           0%         N/A       100%        4
 Summon Lightning Spire   Summ/Air       0%         N/A       100%        4
 Vhi's Electric Charge    Tloc/Air       0%         N/A       100%        4
 Arcjolt                  Conj/Air       0%         1d10      100%        5
 Fireball                 Conj/Fire      0%         3d3       100%        5
 Irradiate                Conj/Tmut      0%         3d11      100%        5
 Iskenderun's Battlesphe  Conj           0%         2d6       100%        5
 Yara's Violent Unravell  Hex/Tmut       0%         3d3       100%        5
 Conjure Ball Lightning   Conj/Air       0%         3x3d6     100%        6
 Plasma Beam              Fire/Air       0%         2x1d10    100%        6
 Starburst                Conj/Fire      0%         6d3       100%        6
 Summon Cactus Giant      Summ           0%         N/A       100%        6
 Orb of Destruction       Conj           0%         9d5       100%        7
 Ozocubu's Refrigeration  Ice            0%         4d7       100%        7
 Spellforged Servitor     Conj/Summ      0%         N/A       100%        7
 Summon Hydra             Summ           0%         N/A       100%        7
 Chain Lightning          Conj/Air       0%         N/A       100%        9
 Fire Storm               Conj/Fire      0%         5d1       100%        9
 Shatter                  Erth           0%         3d5*      100%        9


Dungeon Overview and Level Annotations

Branches:
Dungeon (15/15) Zot: 24174  Temple (1/1) D:4 Zot: 5960    Lair (5/5) D:8 Zot: 19015
  Swamp (4/4) Lair:3 Zot: 18748  Spider (4/4) Lair:3 Zot: 15667   Slime (0/5) Lair:5
    Orc (2/2) D:9 Zot: 9130     Elf (0/3) Orc:2        Vaults (3/5) D:13 Zot: 13930
  Crypt (0/3) Vaults:3     Depths (0/4) D:15        Ossuary (visited)
  IceCv (visited)          WizLab (1/1) Zot: 5412

Altars:
Ashenzari
Cheibriados
Dithmenos
Elyvilon
Fedhas
Gozag
Hepliaklqana
Kikubaaqudgha
Makhleb
Nemelex Xobeh
Okawaru
Qazlal
Ru
Sif Muna
Trog
Uskayaw
Vehumet
Wu Jian
Xom
Yredelemnul
Zin
The Shining One

Shops:
D:11 *   Orc:2 ((([(   Vaults:1 (   Vaults:2 [

Portals:
Trove: Vaults:2 (give +4 demon trident)

Annotations:
D:7 1 exclusion
D:13 2 transporters, Ithuta Obua's ghost, journeyman MiBe
Lair:4 3 exclusions
Lair:5 exclusion: obsidian statue
Swamp:1 2 transporters, ryw's ghost, journeyman TrFi


Innate Abilities, Weirdness & Mutations

You have a pair of horns on your head.
You reflexively headbutt those who attack you in melee.


Message History

You carve the halazid warlock like a ham!!!
You freeze the halazid warlock. You headbutt the halazid warlock!
The halazid warlock is almost destroyed.
You chop the jiangshi into pieces!!! You freeze the jiangshi!
The jiangshi claws you!
The jiangshi draws strength from your injuries!
The jiangshi claws you but does no damage.
A flying skull comes into view.
The halazid warlock is distracted by your dazzling golden aura.
You slice the halazid warlock like a ripe choko!!!
You destroy the halazid warlock!
You slash the jiangshi! The jiangshi claws you!!
The jiangshi draws strength from your injuries!
The jiangshi closely misses you.
The jiangshi claws you but does no damage.
The jiangshi claws you!
* * * LOW HITPOINT WARNING * * *
The jiangshi draws strength from your injuries! [a] - 525 gold - resistance, might, curing and magic [b] - 240 gold - resistance [c] - 572 gold - resistance, heal wounds, curing and magic Purchase which effect?
You feel protected.
You feel much better.
You feel better. Magic courses through your body. The flying skull hits you.
The flying skull completely misses you.
The halazid warlock gestures at the flying skull while chanting.
The flying skull's animating energy erupts into ghostly fire!
The ghostly flame explodes!
The ghostly fireball engulfs the flying skull.
The flying skull completely resists.
The ghostly fireball engulfs the jiangshi.
The jiangshi completely resists.
The ghostly fireball engulfs the flying skull.
The flying skull completely resists.
The ghostly fireball engulfs you!!!!
You feel drained.
* * * LOW HITPOINT WARNING * * *
An ancient champion comes into view.
It is wielding a +0 great mace of draining.
The flying skull hits you!
You die...
Your body crumbles into a pile of gold.

##....#..##
##...#.##
##..### #
#...# #⌠
#...# #..
#...# #..
##..##


#zz ##$..# ..#'''#V@.## ......z$z## #....L.z## ###...### #### You could see a
halazid warlock, an ancient champion, a jiangshi and 2 flying skulls.

Vanquished Creatures
  Nikola (Vaults:2)
  2 sphinxes
  Gastronok (Orc:1)
  2 thorn hunters (Swamp:4)
  Aizul (Swamp:1)
  Kirke (Lair:3)
  Roxanne (Spider:2)
  Donald (Vaults:2)
  3 emperor scorpions
  A fire giant (Vaults:1)
  3 vault wardens
  6 ironbound preservers
  2 orc warlords
  3 ghost moths (Spider:4)
  2 formless jellyfish (Vaults:2)
  A reaper (IceCv)
  A broodmother (Spider:1)
  A stone giant (Vaults:1)
  4 ironbound thunderhulks
  The ghost of anansati the Nimble, a journeyman TeBr of Cheibriados (Lair:4)
  2 halazid warlocks (WizLab)
  Azrael (D:13)
  4 eleionomae
  4 bunyips
  A spark wasp (Spider:4)
  13 dire elephants
  3 eidola (WizLab)
  A spectral quicksilver dragon (WizLab)
  A deep elf death mage (WizLab)
  Josephine (D:10)
  2 entropy weavers
  A fire dragon (D:15)
  5 great orbs of eyes
  8 yaktaur captains
  An ice dragon (shapeshifter) (D:15)
  4 vault guards (Vaults:1)
  18 hydras
  A rakshasa (D:15)
  Harold (D:10)
  A catoblepas (D:13)
  3 jorogumos
  3 ghost crabs
  10 alligators
  7 two-headed ogres
  An ogre mage (D:14)
  Erica (Lair:1)
  3 radroaches
  10 centaur warriors
  An ironbound frostheart (Vaults:1)
  5 boulder beetles
  6 tengu warriors
  7 death scarabs (Spider:4)
  10 demonic crawlers
  3 death yaks (Lair:5)
  A vampire mage (WizLab)
  2 orc high priests
  Sonja (D:10)
  3 skysharks
  A spectral emperor scorpion (Spider:4)
  7 pharaoh ants
  A spectral spark wasp (WizLab)
  A spectral death yak (Lair:5)
  7 skeletal warriors
  3 goliath frogs
  14 deep trolls
  A spectral anaconda (Lair:5)
  2 sun moths
  2 flayed ghosts (WizLab)
  11 ironbound convokers
  11 bog bodies
  2 spriggan druids
  2 spectral jorogumos (Spider:4)
  6 orb spiders
  6 arcanists
  16 swamp dragons
  6 steelbarb worms
  5 phantasmal warriors (WizLab)
  9 lindwurms (Vaults:1)
  4 spectral wolf spiders
  Pikel (D:5)
  2 wolf spider zombies
  A deep elf pyromancer (D:13)
  4 orc knights (Orc:2)
  13 wolf spiders
  A harpy (Vaults:1)
  4 necromancers (Lair:5)
  27 ugly things
  A broodmother zombie (Spider:4)
  5 cyclopes
  3 orc sorcerers (Orc:2)
  4 moths of wrath
  4 manticores
  3 will-o-the-wisps
  Joseph (D:8)
  2 spectral spriggans (WizLab)
  20 slime creatures
  An ice statue (IceCv)
  7 vault sentinels
  A dire elephant zombie (Lair:5)
  6 torpor snails
  4 black mambas
  20 elephants
  3 gargoyles
  Jeremiah (D:6)
  16 cane toads
  2 unseen horrors (D:12)
  3 rime drakes
  Maggie (D:8)
  2 spectral redbacks (Spider:4)
  A yaktaur (shapeshifter) (D:14)
  28 yaktaurs
  Psyche (D:8)
  A redback zombie (Spider:4)
  13 komodo dragons
  2 anaconda simulacra (IceCv)
  A freezing wraith (D:15)
  2 tengu conjurers
  3 efreet
  4 trolls
  9 meliai
  A spectral harpy (WizLab)
  2 bloated husks (Swamp:1)
  A hornet (shapeshifter) (Vaults:1)
  Prince Ribbit (D:5)
  A spectral culicivora (Spider:4)
  A polar bear (Lair:4)
  10 hornets
  Grinder (D:5)
  5 tyrant leeches
  A spectral tarantella (Spider:4)
  A tarantella zombie (Spider:4)
  A raiju (shapeshifter) (D:14)
  2 spectral jumping spiders (Spider:4)
  19 tarantellas
  10 blink frogs
  3 jumping spider zombies (Spider:4)
  20 jumping spiders
  Sigmund (D:6)
  3 shadows
  4 spriggans
  8 flying skulls (WizLab)
  3 dire elephant simulacra (IceCv)
  15 culicivoras
  41 yaks
  5 hogs (Swamp:1)
  6 wraiths
  7 wyverns
  26 redbacks
  5 basilisks
  2 steam dragons
  2 fire elementals (D:13)
  4 death yak simulacra
  A warg (shapeshifter) (D:14)
  24 swamp worms
  4 wargs
  19 vampire mosquitoes
  3 spectral cane toads (Lair:5)
  12 water moccasins
  3 acid dragons
  6 hell hounds (D:13)
  2 hydra simulacra (IceCv)
  34 orc warriors
  9 swamp drakes
  6 black bears
  An elephant zombie (Lair:5)
  6 ogres
  6 wolves (Lair:1)
  2 phantoms
  3 lemures (D:6)
  7 centaurs
  An elephant skeleton (Lair:5)
  An elf zombie (D:7)
  3 gnoll sergeants
  15 bullfrogs
  7 two-headed ogre simulacra (IceCv)
  2 scorpions
  4 cane toad simulacra
  An elf skeleton (D:7)
  2 water moccasin zombies (Ossuary)
  10 wights
  16 killer bees
  4 howler monkeys
  10 electric eels
  5 centaur zombies (Ossuary)
  5 lava snakes (Lair:5)
  A human zombie (D:7)
  4 jellies
  A bullfrog zombie (Ossuary)
  22 orc priests
  4 hounds
  Jessica (D:2)
  2 gnoll boudas
  4 iguanas
  23 orc wizards
  2 scorpion zombies (Ossuary)
  3 human skeletons (D:7)
  A polar bear simulacrum (IceCv)
  3 spriggan simulacra (IceCv)
  6 troll simulacra (IceCv)
  A wolf simulacrum (IceCv)
  An ogre zombie (Ossuary)
  A mummy (Ossuary)
  27 gnolls
  4 adders
  3 naga simulacra (IceCv)
  A shadow imp (D:6)
  9 white imps
  4 ufetubi (IceCv)
  4 adder zombies (Ossuary)
  3 dart slugs
  95 orcs
  4 ball pythons
  3 bats (D:3)
  10 endoplasms
  2 giant cockroaches
  6 goblins
  9 hobgoblins
  5 jackals
  A quokka (D:5)
  2 frilled lizards (D:3)
  2 gnoll zombies (Ossuary)
  3 goblin zombies (Ossuary)
  3 hobgoblin zombies (Ossuary)
  4 kobolds
  An orc zombie (Ossuary)
  5 rats
1269 creatures vanquished.

Vanquished Creatures (collateral kills)
  A thorn hunter (Swamp:4)
  A yaktaur captain (Vaults:2)
  A swamp dragon (Swamp:4)
  A bog body (Swamp:4)
  A vault sentinel (Vaults:2)
  A yaktaur (Vaults:2)
6 creatures vanquished.

Vanquished Creatures (others)
  A bloated husk (Swamp:2)
  4 flying skulls (WizLab)
  A slime creature (Vaults:2)
  A spriggan (Swamp:1)
  2 humans (Swamp:1)
  An orc (Orc:1)
  8 foxfires
18 creatures vanquished.

Grand Total: 1293 creatures vanquished

Notes
Turn   | Place    | Note
-------+----------+-------------------------------------------
     0 | D:1      | Twinkles the Minotaur Fighter began the quest for the Orb.
     0 | D:1      | Reached XP level 1. HP: 19/19 MP: 0/0
   255 | D:1      | Reached XP level 2. HP: 25/27 MP: 1/1
   648 | D:2      | Reached skill level 4 in Fighting
   738 | D:2      | Noticed Jessica
   742 | D:2      | Killed Jessica
   743 | D:2      | Reached XP level 3. HP: 18/33 MP: 2/2
  1515 | D:3      | Reached XP level 4. HP: 27/41 MP: 3/3
  1715 | D:3      | Found a faded altar of an unknown god.
  1948 | D:3      | Reached skill level 1 in Dodging
  2407 | D:4      | Reached XP level 5. HP: 29/47 MP: 4/4
  2407 | D:4      | Noticed a phantom
  2420 | D:3      | Killed a phantom
  2421 | D:3      | Reached skill level 5 in Fighting
  2537 | D:4      | Reached skill level 5 in Armour
  2545 | D:4      | Reached XP level 6. HP: 31/56 MP: 5/5
  3033 | D:4      | Reached skill level 5 in Axes
  3061 | D:4      | Found a staircase to the Ecumenical Temple.
  3081 | Temple   | Entered the Ecumenical Temple
  3100 | Temple   | Became a worshipper of Gozag Ym Sagoz the Greedy
  3129 | D:4      | Reached XP level 7. HP: 34/62 MP: 6/6
  3668 | D:4      | Found an ornate altar of the Wu Jian Council.
  3760 | D:5      | Entered Level 5 of the Dungeon
  3795 | D:5      | Reached skill level 6 in Fighting
  4434 | D:6      | Noticed a yak
  4435 | D:6      | Noticed a yak
  4450 | D:5      | Reached XP level 8. HP: 71/71 MP: 7/7
  4519 | D:6      | Reached skill level 7 in Fighting
  4522 | D:6      | Noticed Jeremiah
  4635 | D:6      | Killed Jeremiah
  4755 | D:6      | Found a bloodstained altar of Trog.
  4913 | D:6      | Reached skill level 8 in Fighting
  5219 | D:6      | Noticed Prince Ribbit
  5489 | D:6      | Reached XP level 9. HP: 78/82 MP: 8/8
  5564 | D:6      | Noticed Sigmund
  5574 | D:6      | Killed Sigmund
  5575 | D:6      | Reached skill level 9 in Fighting
  5600 | D:6      | Noticed Pikel
  5611 | D:5      | Killed Pikel
  5612 | D:5      | Reached skill level 10 in Fighting
  5620 | D:5      | Killed Prince Ribbit
  5767 | D:6      | Noticed Grinder
  5782 | D:5      | Killed Grinder
  6025 | D:7      | Reached skill level 11 in Fighting
  6034 | D:7      | Found a sand-covered staircase.
  6045 | Ossuary  | Entered an ossuary
  6237 | Ossuary  | Reached skill level 10 in Armour
  6282 | Ossuary  | Noticed a silent spectre
  6820 | D:7      | Reached XP level 10. HP: 80/97 MP: 6/9
  6874 | D:7      | Noticed a boulder beetle
  6884 | D:7      | Reached skill level 12 in Fighting
  7092 | D:7      | Reached skill level 10 in Axes
  7183 | D:7      | Killed a boulder beetle
  7418 | D:7      | Found a basalt altar of Yredelemnul.
  7452 | D:7      | Reached skill level 13 in Fighting
  8155 | D:8      | Reached skill level 5 in Shields
  8260 | D:8      | Noticed Joseph
  8272 | D:8      | Killed Joseph
  8297 | D:8      | Reached skill level 14 in Fighting
  8319 | D:8      | Found a staircase to the Lair.
  8382 | D:8      | Found a glowing silver altar of Zin.
  8382 | D:8      | Found a faded altar of an unknown god.
  8611 | D:8      | Noticed Psyche
  8620 | D:8      | Killed Psyche
  8652 | D:8      | Noticed Maggie
  8677 | D:8      | Killed Maggie
  8678 | D:8      | Reached XP level 11. HP: 39/111 MP: 5/10
  9554 | D:8      | Found a blossoming altar of Fedhas.
  9556 | D:8      | Found a sacrificial altar of Ru.
  9558 | D:8      | Found a burning altar of Makhleb.
 10288 | D:9      | Found a staircase to the Orcish Mines.
 11127 | Lair:1   | Entered Level 1 of the Lair of Beasts
 11268 | Lair:1   | Reached skill level 15 in Fighting
 11970 | Lair:1   | Reached skill level 16 in Fighting
 12388 | Lair:1   | Reached XP level 12. HP: 118/124 MP: 11/11
 12513 | Lair:1   | Reached skill level 15 in Axes
 12782 | Lair:1   | Noticed Erica
 12789 | Lair:1   | Killed Erica
 12790 | Lair:1   | Reached skill level 17 in Fighting
 13105 | Lair:2   | Noticed a six-headed hydra
 13118 | Lair:2   | HP: 30/125 [seven-headed hydra (10)]
 13122 | Lair:2   | Killed a seven-headed hydra
 13907 | Lair:2   | Reached skill level 18 in Fighting
 14392 | Lair:3   | Found a hole to the Spider Nest.
 15054 | Lair:3   | Found a staircase to the Swamp.
 15061 | Lair:3   | Reached skill level 15 in Armour
 15253 | Lair:4   | Reached skill level 19 in Fighting
 15255 | Lair:4   | Reached XP level 13. HP: 118/137 MP: 12/12
 15644 | Lair:4   | Found a transporter.
 15661 | Lair:4   | Noticed anansati's ghost (journeyman TeBr)
 15794 | Lair:4   | You fall into a shaft and drop 1 floor!
 15794 | Lair:5   | Entered Level 5 of the Lair of Beasts
 15884 | Lair:4   | Found a frozen archway.
 15901 | IceCv    | Entered an ice cave
 16635 | IceCv    | Upgraded the game from 0.31-a0-675-g238779eb0a to
                  | 0.31-a0-691-g409c26aa35
 17834 | IceCv    | Noticed a reaper
 17852 | IceCv    | Killed a reaper
 18042 | IceCv    | Found the +2 Maxwell's thermic engine {flame, freeze, rev}
 18741 | Lair:4   | Found a transporter.
 19410 | Lair:5   | Reached skill level 20 in Fighting
 19410 | Lair:5   | Reached skill level 1 in Evocations
 19688 | Lair:5   | Noticed a dire elephant
 19688 | Lair:5   | Noticed a dire elephant
 19688 | Lair:5   | Noticed a dire elephant
 19724 | Lair:5   | Noticed a dire elephant
 19955 | Lair:5   | Found a staircase to the Slime Pits.
 21268 | Lair:5   | Noticed a dire elephant
 21298 | Lair:5   | Killed a dire elephant
 21579 | Lair:5   | Reached XP level 14. HP: 145/149 MP: 13/13
 21644 | Lair:5   | Reached skill level 5 in Evocations
 22069 | Lair:5   | Reached skill level 21 in Fighting
 23688 | D:10     | Entered Level 10 of the Dungeon
 23696 | D:10     | Noticed Josephine
 23734 | D:10     | Killed Josephine
 23746 | D:10     | Noticed Sonja
 23855 | D:10     | Killed Sonja
 24082 | D:10     | Noticed Harold
 24093 | D:10     | Killed Harold
 25162 | D:11     | Found Qibatemm's Assorted Antiques.
 25171 | D:11     | Bought a scroll of identify for 60 gold pieces
 25171 | D:11     | Bought a scroll of identify for 60 gold pieces
 25171 | D:11     | Bought a scroll of teleportation for 90 gold pieces
 25612 | Orc:1    | Entered Level 1 of the Orcish Mines
 26175 | Orc:2    | Entered Level 2 of the Orcish Mines
 26178 | Orc:2    | Found a staircase to the Elven Halls.
 26589 | Orc:2    | Found Xeeraal's Antique Weapon Shop.
 26623 | Orc:2    | Reached skill level 22 in Fighting
 26948 | Orc:2    | Found Ducuabu's Magic Scroll Shop.
 26956 | Orc:2    | Bought a scroll of teleportation for 36 gold pieces
 26956 | Orc:2    | Bought a scroll of teleportation for 36 gold pieces
 26956 | Orc:2    | Bought a scroll of identify for 24 gold pieces
 26956 | Orc:2    | Bought a scroll of fog for 48 gold pieces
 26956 | Orc:2    | Bought a scroll of teleportation for 36 gold pieces
 26956 | Orc:2    | Bought a scroll of brand weapon for 114 gold pieces
 27088 | Orc:2    | Found Plog's Antique Weapon Boutique.
 27324 | Orc:2    | Noticed an orc warlord
 27390 | Orc:2    | Killed an orc warlord
 27950 | Orc:2    | Found Vufuitz's Antique Armour Shoppe.
 27975 | Orc:2    | Found Lomi's Antique Weapon Emporium.
 28077 | Orc:2    | Bought a runed executioner's axe for 442 gold pieces
 28186 | Orc:1    | Noticed Gastronok
 28197 | Orc:1    | Killed Gastronok
 29027 | D:12     | Found a radiant altar of Vehumet.
 29119 | D:12     | Reached XP level 15. HP: 159/162 MP: 14/14
 29919 | D:13     | Found a transporter.
 30425 | D:13     | Noticed Ithuta Obua's ghost (journeyman MiBe)
 30434 | D:13     | Found a transporter.
 30596 | D:13     | Found a broken altar of Ashenzari.
 30630 | D:13     | Noticed Azrael
 30646 | D:13     | Killed Azrael
 30913 | D:13     | Found a gate to the Vaults.
 31608 | D:14     | Reached skill level 23 in Fighting
 31739 | Orc:2    | Bought a jewelled broad axe for 207 gold pieces
 31739 | Orc:2    | Identified the +1 broad axe of the Thieving Gods {pain,
                  | MP+9 SInv} (You bought it in a shop on level 2 of the
                  | Orcish Mines)
 31743 | Orc:2    | Bought a runed war axe for 149 gold pieces
 31882 | D:15     | Entered Level 15 of the Dungeon
 31914 | D:15     | Reached skill level 10 in Evocations
 32058 | D:15     | HP: 47/163 [freezing wraith (10)]
 32332 | D:15     | Found a sacrificial altar of Ru.
 32484 | D:15     | Paralysed by an ogre mage for 3 turns
 32699 | D:14     | Found a hide-covered altar of Uskayaw.
 33419 | D:15     | Found a staircase to the Depths.
 33743 | Spider:1 | Entered Level 1 of the Spider Nest
 34075 | Spider:1 | Reached XP level 16. HP: 166/167 MP: 15/15
 34504 | Spider:1 | Reached skill level 1 in Stealth
 35534 | Spider:2 | Reached skill level 24 in Fighting
 35985 | Spider:2 | Noticed Roxanne
 36889 | Spider:2 | Killed Roxanne
 37948 | Spider:4 | Entered Level 4 of the Spider Nest
 38342 | Spider:3 | Upgraded the game from 0.31-a0-691-g409c26aa35 to
                  | 0.31-a0-702-gf82c85558f
 38896 | Spider:4 | Reached skill level 5 in Stealth
 39323 | Spider:4 | Identified the +6 flail of Tariduap {heavy, rC+}
 40564 | Spider:4 | Reached XP level 17. HP: 151/178 MP: 12/16
 41302 | Spider:4 | Reached skill level 25 in Fighting
 41650 | Spider:4 | Identified the +1 hat "Ceroth" {Slay+2}
 41662 | Spider:4 | Got a gossamer rune of Zot
 42125 | Swamp:1  | Entered Level 1 of the Swamp
 42125 | Swamp:1  | Noticed Kirke
 42149 | Lair:3   | Killed Kirke
 42161 | Lair:3   | Upgraded the game from 0.31-a0-702-gf82c85558f to
                  | 0.31-a0-716-gc7603755dd
 42409 | Swamp:1  | HP: 49/167 [spectral fenstrider witch[a ghost crab] (2)]
 42895 | Swamp:1  | Found a transporter.
 42899 | Swamp:1  | Noticed ryw's ghost (journeyman TrFi)
 42914 | Swamp:1  | Found a transporter.
 42951 | Swamp:1  | Noticed Aizul
 42969 | Swamp:1  | Killed Aizul
 44545 | Swamp:3  | Reached skill level 26 in Fighting
 44754 | Swamp:3  | Found a blossoming altar of Fedhas.
 45079 | Swamp:3  | Identified the +7 plate armour of Immorality {rF- Int+8
                  | Stlth+}
 45088 | Swamp:3  | Identified the +10 flail "Usace" {freeze, Fragile rF+
                  | Int+3}
 45158 | Swamp:4  | Entered Level 4 of the Swamp
 45686 | Swamp:4  | HP: 53/188 [bog body (9)]
 45703 | Swamp:4  | Reached XP level 18. HP: 83/198 MP: 15/17
 46235 | Swamp:4  | Reached skill level 15 in Evocations
 46640 | Swamp:4  | Reached skill level 27 in Fighting
 46640 | Swamp:4  | Upgraded the game from 0.31-a0-716-gc7603755dd to
                  | 0.31-a0-986-g5e6e4ef867
 46730 | Swamp:4  | Identified 2 scrolls of acquirement
 46753 | Swamp:4  | Acquired an amulet of regeneration
 46777 | Swamp:4  | Got a decaying rune of Zot
 47224 | Orc:2    | Bought a runed demon trident for 432 gold pieces
 47531 | Orc:2    | Bought a shimmering bardiche for 322 gold pieces
 47531 | Orc:2    | Identified the +8 bardiche of Diet Blood {protect, Fly}
                  | (You bought it in a shop on level 2 of the Orcish Mines)
 47533 | Orc:2    | Bought a glowing eveningstar for 414 gold pieces
 47694 | Vaults:1 | Entered Level 1 of the Vaults
 47790 | D:13     | Reached skill level 5 in Dodging
 48282 | Vaults:1 | HP: 57/200 [deep troll[an ironbound preserver] (12)]
 49290 | Vaults:1 | Found Leqeiq's Weapon Shoppe.
 50549 | Vaults:2 | Reached skill level 10 in Dodging
 50869 | Vaults:2 | Reached XP level 19. HP: 207/207 MP: 18/18
 51029 | Vaults:2 | Noticed Donald
 51041 | Vaults:2 | Killed Donald
 51823 | Vaults:2 | Found a portal to a secret trove of treasure.
 51894 | Vaults:2 | Noticed Nikola
 51915 | Vaults:2 | Killed Nikola
 52229 | Vaults:2 | Found Icwuinokk's Armour Emporium.
 52702 | Lair:4   | Killed anansati's ghost
 53301 | WizLab   | Identified the "Roarchid"
 53320 | Vaults:3 | Found a magical portal.
 53336 | WizLab   | Entered Borgnjor's Mausoleum
 53938 | WizLab   | HP: 44/172 [jiangshi (8)]
 53939 | WizLab   | HP: 2/153 [halazid warlock/ghostly fireball (72)]
 53939 | WizLab   | Mangled by a flying skull

Illustrated notes

Levels and vault maps discovered:
D:1:      heliophobic_arrival_henge, layout_basic, due_unseen_surprise
D:2:      layout_loops_ring, serial_rivers, chequers_serial_rivers_small_a,
          chequers_serial_rivers_small_b, chequers_serial_rivers_micro_d,
          chequers_serial_rivers_large_a, chequers_serial_rivers_micro_c,
          uniq_jessica
D:3:      layout_loops_corners, basic_ecumenical_altar
D:4:      layout_loops_corners, nicolae_wu_jian_immortal_techniques,
          minmay_temple_entry_offerings
D:5:      layout_basic
D:6:      layout_basic, mainiacjoe_overflow_small_starburst, minmay_manual_maat,
          uniq_jeremiah, uniq_pikel, uniq_grinder, uniq_sigmund,
          uniq_prince_ribbit1
D:7:      minmay_chambers_of_sixes, layout_loops_cross,
          mainiacjoe_overflow_boulevard, nicolae_ossuary_entry_catacombs,
          corexii_corridor_pit, serial_bayou_pond_a, minmay_manual_mares
D:8:      layout_layer_cave, chequers_temple_overflow_minitemple,
          due_lair_maze_entry_diamond, enter_bailey_2, minivault_24,
          uniq_maggie, uniq_joseph, uniq_psyche
D:9:      layout_layer_cave, david_orc_3, kennysheep_generic_room_14
D:10:     layout_cave_pools, uniq_josephine, uniq_harold, uniq_sonja
D:11:     minmay_goldmine, layout_stronghold, serial_shops, shop
D:12:     layout_cave_pods, serial_column_ruins, column_ruins_courtyard_long,
          column_ruins_open_tiny, column_ruins_corridor_straight,
          column_ruins_columns_corner, column_ruins_grid_1, kennysheep_path_1,
          vehumet_crystals
D:13:     layout_loops_cross, david_vaults_2, gammafunk_ghost_stat_death,
          cheibrodos_ashenzari_chains, uniq_azrael
D:14:     layout_rooms, kennysheep_another_room, dancing_weapons_uskayaw
D:15:     gammafunk_enter_depths_forms, layout_basic,
          nicolae_ru_sacrificial_ziggurat
Temple:   nicolae_temple_bog_church
Lair:1:   layout_loops_ring, st_stairs_11, serial_bayou_pond_b,
          dreamdust_wasp_nest, uniq_erica
Lair:2:   layout_big_grid
Lair:3:   layout_chaotic_city, minmay_swamp_entry_worms,
          hellmonk_spider_entry_life_and_decay
Lair:4:   layout_hall_layers, portal_ice_cave_entry_pillars_1,
          gammafunk_ghost_arena, serial_bayou_shore_b, infiniplex_staircase_pool
Lair:5:   due_jungle_book, layout_gridlike, nicolae_slime_entry_slimehenge,
          nicolae_lair_liquid_snakes, lemuel_fruit_tree
Swamp:1:  layout_basic_swamp, gammafunk_ghost_berserking_beasts,
          nicolae_swamp_very_dense_foliage, uniq_kirke, uniq_aizul
Swamp:2:  layout_falls_marsh, hangedman_swamp_ruin_hall
Swamp:3:  layout_basic_swamp, lemuel_altar_in_water
Swamp:4:  swamp_basic_johnstein, layout_basic_swamp
Spider:1: layout_spider_delve
Spider:2: layout_spider_delve, uniq_roxanne
Spider:3: layout_cave_pods, hellmonk_test_site
Spider:4: floodkiller_spider_rune_tomb
Orc:1:    layout_caves, nicolae_orc_rockfall, lightli_orcish_oven,
          uniq_gastronok
Orc:2:    grunt_orc_community_town_hall, layout_diamond_mine,
          grunt_orc_community_big_house_2, grunt_orc_community_big_house_2,
          grunt_orc_community_house_2, grunt_orc_community_house_2,
          grunt_orc_community_house_3, grunt_orc_community_house_3,
          serial_shops, shop_fountains
Vaults:1: vaults_room_guarded_vault, nicolae_vaults_ring_of_whatevers, v_misc_5,
          nicolae_vaults_double_plus_3, nicolae_vaults_little_squares_3,
          dpeg_vaults_monster_row, nicolae_vaults_six-pack,
          nicolae_vaults_diamond_2, layout_vaults_omnigrid, serial_shops, shop
Vaults:2: nicolae_vaults_shrinking_rooms_2, nicolae_vaults_bisected_slash,
          vaults_mumra_chevron, nicolae_vaults_what_the_h,
          ontoclasm_vaults_ring_large, nicolae_vaults_triangles,
          nicolae_vaults_tetromino_L_1, nicolae_vaults_storage_closets_1,
          v_misc_32, vaults_room_stairs_pillars, nicolae_vaults_trapezoid_4,
          layout_vaults_omnibox, serial_shops, nicolae_shop_tiny_statue_garden,
          enter_trove_2, uniq_margery, uniq_nikola, uniq_donald
Vaults:3: mu_enter_wizlab_5, v_misc_10, nicolae_vaults_trapezoid_3,
          minmay_crypt_entry_simple_walls, nicolae_vaults_tetromino_Z_1,
          v_misc_12, nicolae_vaults_rhombus_7,
          nicolae_vaults_you_can_take_it_with_you, ontoclasm_vaults_shuriken,
          vaults_dpeg_spiral, ontoclasm_vaults_decontamination,
          nicolae_vaults_diamond_2, layout_vaults_omnicross
WizLab:   wizlab_borgnjor

Skill      XL: |  1  2  3  4  5  6  7  8  9 10 11 12 13 14 15 16 17 18 19 |
---------------+----------------------------------------------------------+-----
Armour         | 4 5 6 8 10 11 13 15 16 | 16.5
Fighting       | 4 5 6 8 11 14 16 19 20 22 23 24 26 27 | 27.0
Shields        | 4 6 8 |  8.0
Axes           | 3 4 5 6 7 9 12 14 16 18 20 23 | 23.3
Dodging        | 1 2 3 4 10 | 10.0
Evocations     | 4 9 10 12 14 15 | 15.5
Stealth        | 5 |  5.0

Action                     |  1- 3 |  4- 6 |  7- 9 | 10-12 | 13-15 | 16-18 | 19-21 || total
---------------------------+-------+-------+-------+-------+-------+-------+-------++-------
  Melee: War axe           |    46 |    88 |   304 |   615 |  1157 |  1078 |       ||  3288
         Headbutt          |     9 |    17 |    71 |   161 |   378 |   375 |    62 ||  1073
         Whip              |       |       |       |    14 |    10 |       |       ||    24
         Executioner's axe |       |       |       |       |   184 |   252 |   232 ||   668
  Throw: Dart              |       |       |       |       |     1 |     5 |       ||     6
 Invoke: Potion Petition   |       |       |       |     2 |     4 |     5 |     2 ||    13
         Call Merchant     |       |       |       |       |     1 |       |       ||     1
  Evoke: Wand              |       |       |       |       |    21 |    16 |       ||    37
         Lightning rod     |       |       |       |       |     4 |     2 |       ||     6
         Condenser vane    |       |       |       |       |     1 |     1 |     1 ||     3
         Phantom mirror    |       |       |       |       |     1 |       |     1 ||     2
         Box of beasts     |       |       |       |       |       |     2 |     1 ||     3
    Use: Scroll            |       |       |     4 |     4 |     9 |    17 |     4 ||    38
         Potion            |       |       |     1 |     3 |     2 |     2 |     2 ||    10
   Stab: Distracted        |       |       |       |     2 |     8 |     9 |     4 ||    23
         Invisible         |       |       |       |       |       |     1 |       ||     1
         Sleeping          |       |       |       |       |       |     4 |       ||     4
 Armour: Scale mail        |    12 |       |       |       |       |       |       ||    12
         Ring mail         |    22 |    66 |   192 |   444 |   512 |   226 |   211 ||  1673
         Plate armour      |       |       |       |       |   303 |  1138 |       ||  1441
  Dodge: Dodged            |    13 |    64 |   153 |   273 |   407 |   599 |   150 ||  1659
  Block: Buckler           |     7 |    26 |    64 |    19 |       |       |       ||   116
         Kite shield       |       |       |       |   282 |   460 |   658 |       ||  1400
         Reflection        |       |       |       |       |     3 |     8 |       ||    11

Table legend: (Time is in decaauts)
 A = Elapsed time spent in this place.
 B = Non-inter-level travel time spent in this place.
 C = Inter-level travel time spent in this place.
 D = Time resting spent in this place.
 E = Time spent auto-exploring this place.
 F = Levels seen in this place.
 G = Mean time per level.
                   A        B        C        D        E       F      G
               +--------+--------+--------+--------+--------+-----+--------+
         Total |  54150 |  49598 |   4552 |   4553 |  34178 |  37 | 1463.5 |
       Dungeon |  19269 |  17377 |   1892 |    515 |  13753 |  15 | 1284.6 |
        Temple |     39 |      2 |     37 |      0 |      0 |   1 |   39.0 |
          Lair |  10984 |   9884 |   1100 |   1299 |   6463 |   5 | 2196.8 |
         Swamp |   5251 |   4905 |    346 |    101 |   3574 |   4 | 1312.8 |
   Spider Nest |   8332 |   7949 |    383 |   1443 |   4731 |   4 | 2083.0 |
  Orcish Mines |   2869 |   2357 |    512 |    290 |   1400 |   2 | 1434.5 |
        Vaults |   4069 |   3788 |    281 |    150 |   2655 |   3 | 1356.3 |
       Ossuary |    279 |    279 |      0 |      6 |    156 |   1 |  279.0 |
      Ice Cave |   2467 |   2467 |      0 |    723 |   1120 |   1 | 2467.0 |
        Wizlab |    586 |    586 |      0 |     21 |    324 |   1 |  586.0 |
               +--------+--------+--------+--------+--------+-----+--------+

Top non-repeatable levels by time:
  Lair:5: 4383 daAuts
Spider:4: 3090 daAuts
   IceCv: 2467 daAuts
   Orc:2: 2152 daAuts
Vaults:1: 2137 daAuts
  Lair:1: 2046 daAuts
Spider:3: 2031 daAuts
     D:8: 2025 daAuts
     D:9: 1969 daAuts
 Swamp:4: 1917 daAuts
    D:13: 1900 daAuts
Vaults:2: 1896 daAuts
Spider:1: 1846 daAuts
     D:7: 1627 daAuts
  Lair:4: 1561 daAuts
